| TOP OF THE 1ST |
|
Oklahoma State University Cowboys batting - Pitching for Clemson University Tigers : RHP Luis Yanez
|
|
Pitching: RHP Luis Yanez
|
|
|
Batting: RHB Settan Nakamura
|
0-0: Ball 1-0: Fly out, F8 (Line Drive, 8LM, EV 93.8 MPH)
|
|
Batting: SHB Mel Gonzalez
|
0-0: Foul Ball, location: 2F 0-1: Ball 1-1: Ball 2-1: Reached on error, E4 (Groundball, 4, EV 103.8 MPH)
|
|
Batting: RHB Masakuni Takeuchi
|
0-0: Ball 1-0: Called Strike 1-1: Ball 2-1: Called Strike 2-2: Foul Ball, location: 2F 2-2: Foul Ball, location: 2F 2-2: Grounds into double play, 4-6-3 (Groundball, 13, EV 78.1 MPH)
|
| Top of the 1st over - 0 runs, 0 hits, 1 error, 0 left on base; Oklahoma State University 0 - Clemson University 0 |
| BOTTOM OF THE 1ST |
|
Clemson University Tigers batting - Pitching for Oklahoma State University Cowboys : RHP Justin Rubino
|
|
Pitching: RHP Justin Rubino
|
|
|
Batting: RHB Josh LeSage
|
0-0: Ball 1-0: Ball 2-0: Ball 3-0: Called Strike 3-1: Foul Ball, location: 2F 3-2: Fly out, F7 (Flyball, 7, EV 82.5 MPH)
|
|
Batting: RHB Jorge Alva
|
0-0: Fly out, F9 (Flyball, 9, EV 96.2 MPH)
|
|
Batting: RHB Chris Prinzing
|
0-0: Ball 1-0: Ball 2-0: Ball 3-0: Called Strike 3-1: Ground out 6-3 (Groundball, 56, EV 104.4 MPH)
|
| Bottom of the 1st over - 0 runs, 0 hits, 0 errors, 0 left on base; Oklahoma State University 0 - Clemson University 0 |
| TOP OF THE 2ND |
|
Oklahoma State University Cowboys batting - Pitching for Clemson University Tigers : RHP Luis Yanez
|
|
Batting: LHB Rafael Banda
|
0-0: Ball 1-0: Swinging Strike 1-1: Called Strike 1-2: Ball 2-2: Strikes out swinging
|
|
Batting: RHB Ivan Torres
|
0-0: Called Strike 0-1: Ball 1-1: Fly out, F5 (Line Drive, 5, EV 76.2 MPH)
|
|
Batting: RHB Alex Montiel
|
0-0: SINGLE (Line Drive, 89S, EV 96.2 MPH)
|
|
Batting: RHB Pedro Luera
|
0-0: Ball 1-0: Ball Pickoff Throw to First - Error! E1 Alex Montiel to second 2-0: Ball 3-0: Called Strike 3-1: Foul Ball, location: 2F 3-2: Foul Ball, location: 2F 3-2: 2-RUN HOME RUN (Flyball, 7D, EV 91.9 MPH), Distance : 363 ft
|
|
Batting: LHB Gong Tow
|
0-0: Fly out, F8 (Flyball, 8RXD, EV 98.1 MPH)
|
| Top of the 2nd over - 2 runs, 2 hits, 1 error, 0 left on base; Oklahoma State University 2 - Clemson University 0 |
| BOTTOM OF THE 2ND |
|
Clemson University Tigers batting - Pitching for Oklahoma State University Cowboys : RHP Justin Rubino
|
|
Batting: LHB John Rumbolt
|
0-0: Ball 1-0: Ball 2-0: Ball 3-0: Base on Balls
|
|
Batting: RHB Jason Duncan
|
0-0: Ball 1-0: Ball 2-0: Fielders Choice at 2nd, 4-6 (Groundball, 34, EV 88.1 MPH)
|
|
Batting: LHB Jackson Wither
|
0-0: Ball 1-0: Called Strike 1-1: Ball 2-1: Ball 3-1: Base on Balls Jason Duncan to second
|
|
Batting: RHB Ryan Thurston
|
0-0: Ball 1-0: Swinging Strike 1-1: Grounds into double play, U5-3 (Groundball, 5L, EV 83.1 MPH)
|
| Bottom of the 2nd over - 0 runs, 0 hits, 0 errors, 1 left on base; Oklahoma State University 2 - Clemson University 0 |
| TOP OF THE 3RD |
|
Oklahoma State University Cowboys batting - Pitching for Clemson University Tigers : RHP Luis Yanez
|
|
Batting: RHB Hidemitsu Matsuno
|
0-0: Foul Ball, location: 2F 0-1: Fly out, F9 (Line Drive, 9, EV 95.0 MPH)
|
|
Batting: RHB Settan Nakamura
|
0-0: Foul Ball, location: 2F 0-1: Ball 1-1: Swinging Strike 1-2: Ball 2-2: Strikes out looking
|
|
Batting: SHB Mel Gonzalez
|
0-0: Ball 1-0: Called Strike 1-1: Ball 2-1: Ball 3-1: Base on Balls
|
|
Batting: RHB Masakuni Takeuchi
|
0-0: Ball 1-0: Ball 2-0: Foul Ball, location: 2F 2-1: Ball 3-1: Swinging Strike 3-2: SINGLE (Line Drive, 7S, EV 90.0 MPH) Mel Gonzalez to second Mel Gonzalez to third
|
|
Batting: LHB Rafael Banda
|
0-0: Ball Pickoff Throw to First - Out! 1-3
|
| Top of the 3rd over - 0 runs, 1 hit, 0 errors, 1 left on base; Oklahoma State University 2 - Clemson University 0 |
| BOTTOM OF THE 3RD |
|
Clemson University Tigers batting - Pitching for Oklahoma State University Cowboys : RHP Justin Rubino
|
|
Batting: LHB Victor Reyna
|
0-0: Ball 1-0: Called Strike 1-1: Ball 2-1: Swinging Strike 2-2: Strikes out swinging
|
|
Batting: RHB Neal Perucci
|
0-0: Called Strike 0-1: Called Strike 0-2: Foul Ball, location: 2F 0-2: Fly out, F9 (Flyball, 9S, EV 76.9 MPH)
|
|
Batting: RHB Josh LeSage
|
0-0: Ball 1-0: Foul Ball, location: 2F 1-1: Foul Ball, location: 2F 1-2: Ball 2-2: Foul Ball, location: 2F 2-2: Ground out 5-3 (Groundball, 5S, EV 73.8 MPH)
|
| Bottom of the 3rd over - 0 runs, 0 hits, 0 errors, 0 left on base; Oklahoma State University 2 - Clemson University 0 |
| TOP OF THE 4TH |
|
Oklahoma State University Cowboys batting - Pitching for Clemson University Tigers : RHP Luis Yanez
|
|
Batting: LHB Rafael Banda
|
0-0: Foul Ball, location: 2F 0-1: Ball 1-1: Called Strike 1-2: SOLO HOME RUN (Flyball, 8LXD, EV 113.8 MPH), Distance : 435 ft
|
|
Batting: RHB Ivan Torres
|
0-0: Ball 1-0: Called Strike 1-1: Ground out 4-3 (Groundball, 4, EV 110.6 MPH)
|
|
Batting: RHB Alex Montiel
|
0-0: Called Strike 0-1: Swinging Strike 0-2: Fly out, F8 (Flyball, 8RM, EV 78.1 MPH)
|
|
Batting: RHB Pedro Luera
|
0-0: SOLO HOME RUN (Line Drive, 78XD, EV 111.2 MPH), Distance : 423 ft
|
|
Batting: LHB Gong Tow
|
0-0: Ball 1-0: Called Strike 1-1: Called Strike 1-2: Ground out 4-3 (Groundball, 4MS, EV 80.0 MPH)
|
| Top of the 4th over - 2 runs, 2 hits, 0 errors, 0 left on base; Oklahoma State University 4 - Clemson University 0 |
| BOTTOM OF THE 4TH |
|
Clemson University Tigers batting - Pitching for Oklahoma State University Cowboys : RHP Justin Rubino
|
|
Batting: RHB Jorge Alva
|
0-0: Swinging Strike 0-1: Foul Ball, location: 2F 0-2: Fly out, F5 (Popup, 56S, EV 86.2 MPH)
|
|
Batting: RHB Chris Prinzing
|
0-0: Swinging Strike 0-1: Ball 1-1: Ball 2-1: Fly out, F7 (Line Drive, 7D, EV 105.0 MPH)
|
|
Batting: LHB John Rumbolt
|
0-0: Ball 1-0: SOLO HOME RUN (Flyball, 78XD, EV 103.1 MPH), Distance : 431 ft
|
|
Batting: RHB Jason Duncan
|
0-0: Ball 1-0: Called Strike 1-1: Foul Ball, location: 2F 1-2: Foul Ball, location: 2F 1-2: Strikes out swinging
|
| Bottom of the 4th over - 1 run, 1 hit, 0 errors, 0 left on base; Oklahoma State University 4 - Clemson University 1 |
| TOP OF THE 5TH |
|
Oklahoma State University Cowboys batting - Pitching for Clemson University Tigers : RHP Luis Yanez
|
|
Batting: RHB Hidemitsu Matsuno
|
0-0: Fly out, F8 (Flyball, 8RS, EV 79.4 MPH)
|
|
Batting: RHB Settan Nakamura
|
0-0: Ball 1-0: Ball 2-0: Ball 3-0: Base on Balls
|
|
Batting: SHB Mel Gonzalez
|
0-0: Ground out 4-3 (Groundball, 34S, EV 83.8 MPH) Settan Nakamura to second
|
|
Batting: RHB Masakuni Takeuchi
|
0-0: Called Strike 0-1: Swinging Strike 0-2: Strikes out swinging
|
| Top of the 5th over - 0 runs, 0 hits, 0 errors, 1 left on base; Oklahoma State University 4 - Clemson University 1 |
| BOTTOM OF THE 5TH |
|
Clemson University Tigers batting - Pitching for Oklahoma State University Cowboys : RHP Justin Rubino
|
|
Batting: LHB Jackson Wither
|
0-0: Ground out 4-3 (Groundball, 4, EV 83.8 MPH)
|
|
Batting: RHB Ryan Thurston
|
0-0: Called Strike 0-1: Ball 1-1: Swinging Strike 1-2: Ball 2-2: Strikes out swinging
|
|
Batting: LHB Victor Reyna
|
0-0: Ball 1-0: Called Strike 1-1: SOLO HOME RUN (Line Drive, 78XD, EV 107.5 MPH), Distance : 421 ft
|
|
Batting: RHB Neal Perucci
|
0-0: Called Strike 0-1: Ball 1-1: Foul Ball, location: 2F 1-2: Strikes out swinging
|
| Bottom of the 5th over - 1 run, 1 hit, 0 errors, 0 left on base; Oklahoma State University 4 - Clemson University 2 |
| TOP OF THE 6TH |
|
Oklahoma State University Cowboys batting - Pitching for Clemson University Tigers : RHP Luis Yanez
|
|
Batting: LHB Rafael Banda
|
0-0: Fly out, F6 (Popup, 6D, EV 67.5 MPH)
|
|
Batting: RHB Ivan Torres
|
0-0: Ball 1-0: Called Strike 1-1: Ball 2-1: Foul Ball, location: 2F 2-2: Foul Ball, location: 2F 2-2: Foul Ball, location: 2F 2-2: Foul Ball, location: 2F 2-2: Ball 3-2: Base on Balls
|
|
Pitching: RHP Gustavo Carena
|
|
|
Batting: RHB Alex Montiel
|
0-0: Called Strike 0-1: Foul Ball, location: 2F 0-2: Foul Ball, location: 2F 0-2: Ball 1-2: Strikes out swinging
|
|
Batting: RHB Pedro Luera
|
0-0: Called Strike 0-1: Ball 1-1: Ball 2-1: Foul Ball, location: 7LSF, Error on foul ball, E7 2-2: Fielders Choice at 2nd, 6-4 (Groundball, 6, EV 89.4 MPH)
|
| Top of the 6th over - 0 runs, 0 hits, 1 error, 1 left on base; Oklahoma State University 4 - Clemson University 2 |
| BOTTOM OF THE 6TH |
|
Clemson University Tigers batting - Pitching for Oklahoma State University Cowboys : RHP Justin Rubino
|
|
Batting: RHB Josh LeSage
|
0-0: Foul Ball, location: 2F 0-1: Ground out 5-3 (Groundball, 56, EV 83.1 MPH)
|
|
Batting: RHB Jorge Alva
|
0-0: Ball 1-0: Ball 2-0: Ground out 4-3 (Groundball, 4, EV 110.0 MPH)
|
|
Batting: RHB Chris Prinzing
|
0-0: Ball 1-0: Ball 2-0: Ball 3-0: Called Strike 3-1: SOLO HOME RUN (Flyball, 7LD, EV 92.5 MPH), Distance : 331 ft
|
|
Batting: LHB John Rumbolt
|
0-0: Foul Ball, location: 2F 0-1: Ground out 5-3 (Groundball, 56, EV 100.6 MPH)
|
| Bottom of the 6th over - 1 run, 1 hit, 0 errors, 0 left on base; Oklahoma State University 4 - Clemson University 3 |
| TOP OF THE 7TH |
|
Oklahoma State University Cowboys batting - Pitching for Clemson University Tigers : RHP Gustavo Carena
|
|
Batting: LHB Gong Tow
|
0-0: Called Strike 0-1: Called Strike 0-2: Foul Ball, location: 2F 0-2: Foul Ball, location: 2F 0-2: Ground out 4-3 (Groundball, 4, EV 102.5 MPH)
|
|
Batting: RHB Hidemitsu Matsuno
|
0-0: Ball 1-0: Called Strike 1-1: Foul Ball, location: 2F 1-2: SINGLE (Line Drive, 4D, EV 108.1 MPH)
|
|
Pitching: RHP Santos Gonzales
|
|
|
Batting: RHB Settan Nakamura
|
0-0: Called Strike 0-1: Ball 1-1: Ball 2-1: Ball 3-1: Called Strike 3-2: Grounds into double play, 6-4-3 (Groundball, 6, EV 81.2 MPH)
|
| Top of the 7th over - 0 runs, 1 hit, 0 errors, 0 left on base; Oklahoma State University 4 - Clemson University 3 |
| BOTTOM OF THE 7TH |
|
Clemson University Tigers batting - Pitching for Oklahoma State University Cowboys : RHP Justin Rubino
|
|
Pitching: RHP Bin Li
|
|
|
Batting: RHB Jason Duncan
|
0-0: SINGLE (Groundball, 56D, EV 103.1 MPH)
|
|
Batting: LHB Jackson Wither
|
0-0: Foul Ball, location: 2F 0-1: Foul Ball, location: 2F 0-2: Strikes out swinging
|
|
Batting: RHB Ryan Thurston
|
0-0: Foul Ball, location: 2F 0-1: DOUBLE (Line Drive, 7LM, EV 93.1 MPH) Jason Duncan to third
|
|
Batting: LHB Victor Reyna
|
0-0: Ball 1-0: Called Strike 1-1: Swinging Strike 1-2: Ball 2-2: Strikes out looking
|
|
Batting: RHB Neal Perucci
|
0-0: Called Strike 0-1: Ball 1-1: SINGLE (Line Drive, 78S, EV 101.9 MPH) Jason Duncan scores Ryan Thurston to third Runner from 3rd tries for Home, throw by LF and OUT! 7-2
|
| Bottom of the 7th over - 1 run, 3 hits, 0 errors, 1 left on base; Oklahoma State University 4 - Clemson University 4 |
| TOP OF THE 8TH |
|
Oklahoma State University Cowboys batting - Pitching for Clemson University Tigers : RHP Santos Gonzales
|
|
Batting: SHB Mel Gonzalez
|
0-0: Fly out, F8 (Line Drive, 8LM, EV 93.1 MPH)
|
|
Batting: RHB Masakuni Takeuchi
|
0-0: Ball 1-0: Foul Ball, location: 2F 1-1: Ground out U3 (Groundball, 34S, EV 80.6 MPH)
|
|
Batting: LHB Rafael Banda
|
0-0: Ball 1-0: Ball 2-0: Ball 3-0: Base on Balls
|
|
Pinch Hitting: RHB Ji-an See-to
|
0-0: Called Strike Rafael Banda steals 2nd base 0-1: Ball 1-1: Intentional Walk
|
|
Batting: RHB Alex Montiel
|
0-0: SINGLE (Line Drive, 4MD, EV 96.2 MPH) Rafael Banda to third Ji-an See-to to second Runner from 3rd tries for Home, SAFE, throw by CF to home
|
|
Batting: RHB Pedro Luera
|
0-0: Ball 1-0: Called Strike 1-1: Foul Ball, location: 2F 1-2: Ball 2-2: Strikes out looking
|
| Top of the 8th over - 1 run, 1 hit, 0 errors, 2 left on base; Oklahoma State University 5 - Clemson University 4 |
| BOTTOM OF THE 8TH |
|
Clemson University Tigers batting - Pitching for Oklahoma State University Cowboys : RHP Bin Li
|
|
Now at 3B: Ben Saxton
|
|
|
Now at SS: Pedro Luera
|
|
|
Batting: RHB Josh LeSage
|
0-0: Ball 1-0: Called Strike 1-1: Foul Ball, location: 2F 1-2: Ball 2-2: Ground out 6-3 (Groundball, 56, EV 86.9 MPH)
|
|
Batting: RHB Jorge Alva
|
0-0: Swinging Strike 0-1: Ball 1-1: Ball 2-1: Foul Ball, location: 2F 2-2: Ball 3-2: Strikes out swinging
|
|
Batting: RHB Chris Prinzing
|
0-0: Called Strike 0-1: Ball 1-1: SINGLE (Line Drive, 9LM, EV 105.0 MPH)
|
|
Pitching: RHP Andrew Dopp
|
|
|
Batting: LHB John Rumbolt
|
0-0: Swinging Strike 0-1: Ball 1-1: Foul Ball, location: 2F 1-2: Ball 2-2: SINGLE (Groundball, 34D, EV 100.6 MPH) Chris Prinzing to second Runner from 2nd tries for 3rd, SAFE, no throw by RF
|
|
Batting: RHB Jason Duncan
|
0-0: Called Strike 0-1: Ball 1-1: Fly out, F7 (Flyball, 7, EV 85.0 MPH)
|
| Bottom of the 8th over - 0 runs, 2 hits, 0 errors, 2 left on base; Oklahoma State University 5 - Clemson University 4 |
| TOP OF THE 9TH |
|
Oklahoma State University Cowboys batting - Pitching for Clemson University Tigers : RHP Santos Gonzales
|
|
Pitching: RHP Joachim Marot
|
|
|
Batting: LHB Gong Tow
|
0-0: Foul Ball, location: 2F 0-1: Ball 1-1: Ground out 4-3 (Groundball, 34D, EV 84.4 MPH)
|
|
Batting: RHB Hidemitsu Matsuno
|
0-0: Called Strike 0-1: Ball 1-1: Ball 2-1: Ball 3-1: Swinging Strike 3-2: Strikes out looking
|
|
Batting: RHB Settan Nakamura
|
0-0: Ball 1-0: Ball 2-0: Ground out 6-3 (Groundball, 56, EV 85.0 MPH)
|
| Top of the 9th over - 0 runs, 0 hits, 0 errors, 0 left on base; Oklahoma State University 5 - Clemson University 4 |
| BOTTOM OF THE 9TH |
|
Clemson University Tigers batting - Pitching for Oklahoma State University Cowboys : RHP Andrew Dopp
|
|
Pitching: RHP Yorinobu Matsumoto
|
|
|
Pinch Hitting: RHB Juan Barela
|
0-0: SINGLE (Line Drive, 89M, EV 100.6 MPH)
|
|
Batting: RHB Ryan Thurston
|
0-0: Swinging Strike 0-1: Ground out 5-3 (Groundball, 56S, EV 90.0 MPH) Juan Barela to second
|
|
Batting: LHB Victor Reyna
|
0-0: SINGLE (Groundball, 4MD, EV 106.2 MPH) Juan Barela to third Runner from 3rd tries for Home, SAFE, throw by CF to home
|
|
Batting: RHB Neal Perucci
|
0-0: Called Strike 0-1: Foul Ball, location: 2F 0-2: Grounds into double play, 6-4-3 (Groundball, 6, EV 84.4 MPH)
|
| Bottom of the 9th over - 1 run, 2 hits, 0 errors, 0 left on base; Oklahoma State University 5 - Clemson University 5 |
| TOP OF THE 10TH |
|
Oklahoma State University Cowboys batting - Pitching for Clemson University Tigers : RHP Joachim Marot
|
|
Pitching: LHP Will West
|
|
|
Now at 3B: Donovan Deason
|
|
|
Pinch Hitting: LHB Jose Peralez
|
0-0: Fly out, F8 (Flyball, 8RS, EV 83.1 MPH)
|
|
Batting: RHB Masakuni Takeuchi
|
0-0: Called Strike 0-1: Swinging Strike 0-2: Strikes out swinging
|
|
Batting: LHB Rafael Banda
|
0-0: Called Strike 0-1: Fly out, F7 (Flyball, 7, EV 93.8 MPH)
|
| Top of the 10th over - 0 runs, 0 hits, 0 errors, 0 left on base; Oklahoma State University 5 - Clemson University 5 |
| BOTTOM OF THE 10TH |
|
Clemson University Tigers batting - Pitching for Oklahoma State University Cowboys : RHP Yorinobu Matsumoto
|
|
Now at C: Jose Peralez
|
|
|
Batting: RHB Josh LeSage
|
0-0: Swinging Strike 0-1: Foul Ball, location: 2F 0-2: Ball 1-2: SINGLE (Groundball, 56D, EV 105.0 MPH)
|
|
Batting: RHB Jorge Alva
|
0-0: Called Strike 0-1: Ball 1-1: Ball Josh LeSage steals 2nd base 2-1: Fly out, F7 (Flyball, 7LS, EV 93.1 MPH)
|
|
Batting: RHB Chris Prinzing
|
0-0: Swinging Strike 0-1: Ball 1-1: Ball 2-1: Swinging Strike 2-2: Foul Ball, location: 2F 2-2: Strikes out looking
|
|
Batting: LHB John Rumbolt
|
0-0: Ball 1-0: Foul Ball, location: 2F 1-1: Foul Ball, location: 2F 1-2: Foul Ball, location: 2F 1-2: Ball 2-2: Strikes out swinging, 2-3 out at first.
|
| Bottom of the 10th over - 0 runs, 1 hit, 0 errors, 1 left on base; Oklahoma State University 5 - Clemson University 5 |
| TOP OF THE 11TH |
|
Oklahoma State University Cowboys batting - Pitching for Clemson University Tigers : LHP Will West
|
|
Batting: RHB Ben Saxton
|
0-0: Called Strike 0-1: Foul Ball, location: 2F 0-2: Ball 1-2: Fly out, F7 (Flyball, 7LM, EV 89.4 MPH)
|
|
Batting: RHB Alex Montiel
|
0-0: Ball 1-0: Called Strike 1-1: Foul Ball, location: 2F 1-2: Fly out, F7 (Flyball, 7, EV 75.6 MPH)
|
|
Batting: RHB Pedro Luera
|
0-0: Ball 1-0: Foul Ball, location: 2F 1-1: Ball 2-1: Foul Ball, location: 2F 2-2: Ball 3-2: Strikes out swinging
|
| Top of the 11th over - 0 runs, 0 hits, 0 errors, 0 left on base; Oklahoma State University 5 - Clemson University 5 |
| BOTTOM OF THE 11TH |
|
Clemson University Tigers batting - Pitching for Oklahoma State University Cowboys : RHP Yorinobu Matsumoto
|
|
Pitching: RHP Chang-wei Quian
|
|
|
Batting: RHB Jason Duncan
|
0-0: Called Strike 0-1: Ball 1-1: Ball 2-1: Foul Ball, location: 2F 2-2: Strikes out swinging
|
|
Batting: RHB Donovan Deason
|
0-0: SINGLE (Line Drive, 8LS, EV 96.9 MPH)
|
|
Batting: RHB Ryan Thurston
|
0-0: Ball 1-0: Ball 2-0: Fly out, F8 (Line Drive, 8RM, EV 96.9 MPH)
|
|
Batting: LHB Victor Reyna
|
0-0: Ball 1-0: SINGLE (Groundball, 6D, EV 98.1 MPH) Donovan Deason to second
|
|
Batting: RHB Neal Perucci
|
0-0: SINGLE (Line Drive, 8LS, EV 94.4 MPH) Donovan Deason to third Victor Reyna to second Runner from 3rd tries for Home, SAFE, throw by CF to home
|
| Bottom of the 11th over - 1 run, 3 hits, 0 errors, 2 left on base; Oklahoma State University 5 - Clemson University 6 |
|